 Dungeon Crawl Stone Soup version 0.19-a0-1068-g99dd0f4 (webtiles) character file.

747 Charly the Charmwright (level 8, -9/56 HPs)
             Began as a Human Skald on Aug 4, 2016.
             Was a Priest of Cheibriados.
             Killed from afar by an orc warrior (31 damage)
             ... with an exploding inner flame
             ... hexed by the player character
             ... on level 6 of the Dungeon.
             The game lasted 00:35:22 (1790 turns).

Charly the Charmwright (Human Skald)                Turns: 1790, Time: 00:35:24

Health: -9/56      AC:  6    Str: 23    XL:     8   Next: 6%
Magic:  11/11      EV: 17    Int: 27    God:    Cheibriados [***...]
Gold:   108        SH:  0    Dex: 23    Spells: 5 memorised, 1 level left

rFire  . . .     SeeInvis .     a - +1 falchion
rCold  . . .     Gourm    .     n - +2 leather armour {MR+}
rNeg   . . .     Faith    .     (no shield)
rPois  .         Spirit   .     (no helmet)
rElec  .         Dismiss  .     (no cloak)
rCorr  .         Reflect  .     i - +0 pair of gloves
SustAt .         Harm     .     (no boots)
MR     +....                    (no amulet)
Stlth  +++.......               (no ring)
                                (no ring)

@: mighty, brilliant, agile, flying, very slightly contaminated, very slow
A: no striking features
a: Bend Time, Temporal Distortion, Renounce Religion


You were on level 6 of the Dungeon.
You worshipped Cheibriados.
Cheibriados was most pleased with you.
You were near starving.

You visited 1 branch of the dungeon, and saw 6 of its levels.

You collected 108 gold pieces.

Inventory:

Hand Weapons
 a - a +1 falchion (weapon)
 f - a +1 war axe of chopping
Armour
 i - a +0 pair of gloves (worn)
 n - a +2 leather armour of magic resistance (worn)
Scrolls
 h - 2 scrolls of fog
 j - a scroll of recharging
Potions
 e - a potion of flight
 l - a potion of curing
 p - a potion of agility
Books
 c - a book of Battle

   Spells                             Type                      Level
   a - Infusion                       Charms                       1
   b - Shroud of Golubria             Charms/Translocation         2
   c - Song of Slaying                Charms                       2
   d - Spectral Weapon                Hexes/Charms                 3
   e - Regeneration                   Charms/Necromancy            3
 m - a book of Cantrips

   Spells                             Type                      Level
   a - Confusing Touch                Hexes                        1
   b - Animate Skeleton               Necromancy                   1
   c - Summon Small Mammal            Summoning                    1
   d - Apportation                    Translocation                1
Comestibles
 d - 4 bread rations


   Skills:
 - Level 2.0 Fighting
 * Level 4.6 Long Blades
 - Level 1.0 Armour
 - Level 1.0 Dodging
 - Level 2.0 Spellcasting
 - Level 3.0 Hexes
 + Level 6.2 Charms
 + Level 3.0 Necromancy


You had one spell level left.
You knew the following spells:

 Your Spells              Type           Power        Failure   Level  Hunger
g - Shroud of Golubria    Chrm/Tloc      #####.....   1%          2    ##.....
i - Infusion              Chrm           ####         1%          1    None
r - Regeneration          Chrm/Necr      #####.....   1%          3    ###....
w - Spectral Weapon       Hex/Chrm       #####...     1%          3    ###....
A - Animate Skeleton      Necr           N/A          1%          1    None


Dungeon Overview and Level Annotations

Branches:
Dungeon (6/15)             Temple (0/1) D:4

Altars:
Ashenzari
Cheibriados
Fedhas
Qazlal
Xom

Annotations:
D:3 exclusion: downstairs
D:5 whomadewhat's ghost, novice TrMo


Message History

The orc explodes!
The fiery explosion engulfs the orc.
You kill the orc!
Cheibriados thoroughly appreciates the change of pace.
Cheibriados appreciates the change of pace.
You have reached level 8!
You feel clever.
You feel a bit more experienced.
Cheibriados thoroughly appreciates the change of pace.
Your Necromancy skill increases to level 3!
You feel a bit more experienced.
Cheibriados appreciates the change of pace.
The fiery explosion engulfs something.
Cheibriados appreciates the change of pace.
You feel a bit more experienced.
Cheibriados thoroughly appreciates the change of pace.
You can now warp the flow of time around you.
The fiery explosion engulfs you!
Ouch! That really hurt!
You die...

#.# #o# #.#
###############.#
#§.o..oo..o.oo.5#
#§###############
#§§§# #...
###§###.# #
#@§§..##.#
#####....# #.####
#.# #.# #.# #.#
#.# #(#


There were no monsters in sight!

Vanquished Creatures
  A phantom (D:5)
  A sky beast (D:5)
  Blork the orc (D:4)
  2 giant frogs (D:4)
  A howler monkey (D:4)
  A hound (D:4)
  3 orc wizards
  3 worker ants
  5 adders
  A shadow imp (D:5)
  An adder skeleton (D:4)
  2 worms (D:3)
  A dart slug (D:5)
  4 giant geckos
  10 orcs
  2 giant cockroaches
  5 goblins
  A hobgoblin (D:3)
  18 jackals
  3 ball pythons
  A ball python skeleton (D:4)
  5 bats
  3 giant newts (D:1)
  3 kobolds (D:3)
78 creatures vanquished.

Vanquished Creatures (others)
  A spectral weapon (D:4)
1 creature vanquished.

Grand Total: 79 creatures vanquished

Notes
Turn   | Place    | Note
-------+----------+-------------------------------------------
     0 | D:1      | Charly the Human Skald began the quest for the Orb.
     0 | D:1      | Reached XP level 1. HP: 16/16 MP: 3/3
   113 | D:1      | Reached XP level 2. HP: 10/22 MP: 0/5
   148 | D:1      | Found a snail-covered altar of Cheibriados.
   160 | D:1      | Became a worshipper of Cheibriados the Contemplative
   366 | D:2      | Reached XP level 3. HP: 23/27 MP: 3/6
   374 | D:2      | Learned a level 3 spell: Spectral Weapon
   420 | D:4      | Noticed Blork the orc
   437 | D:3      | Reached * piety under Cheibriados
   486 | D:3      | Found a stormy altar of Qazlal.
   546 | D:3      | Reached skill level 1 in Hexes
   546 | D:3      | Reached skill level 4 in Charms
   546 | D:3      | Reached XP level 4. HP: 20/33 MP: 2/7
   554 | D:3      | Learned a level 3 spell: Regeneration
   927 | D:4      | Found a shattered altar of Ashenzari.
   966 | D:4      | Noticed a giant frog
   975 | D:4      | Killed a giant frog
   975 | D:4      | Reached skill level 1 in Necromancy
   975 | D:4      | Reached XP level 5. HP: 29/38 MP: 1/8
   991 | D:4      | Noticed a phantom
  1040 | D:4      | Reached skill level 5 in Charms
  1040 | D:4      | Reached XP level 6. HP: 28/44 MP: 1/9
  1056 | D:4      | Noticed an ogre
  1065 | D:5      | Entered Level 5 of the Dungeon
  1104 | D:5      | Found a shimmering altar of Xom.
  1131 | D:4      | Reached ** piety under Cheibriados
  1290 | D:4      | Learned a level 2 spell: Shroud of Golubria
  1295 | D:4      | Found a staircase to the Ecumenical Temple.
  1340 | D:4      | Killed Blork the orc
  1340 | D:4      | Reached XP level 7. HP: 31/50 MP: 1/10
  1442 | D:5      | Found a blossoming altar of Fedhas.
  1498 | D:5      | Reached skill level 6 in Charms
  1594 | D:5      | Noticed whomadewhat's ghost (novice TrMo)
  1673 | D:4      | Learned a level 1 spell: Animate Skeleton
  1790 | D:6      | Reached XP level 8. HP: 22/56 MP: 11/11
  1790 | D:6      | Reached *** piety under Cheibriados
  1790 | D:6      | Killed from afar by an orc warrior

Vault maps used:
D:1:      dpeg_arrival_rhombi, hangedman_decor_growths, st_stairs_1,
          cheibriados_altar_1
D:2:      first_bread, uniq_crazy_yiuf_cottage
D:3:      marbit_many_paths
D:4:      serial_shops, nicolae_shop_behind_doors, abandoned_shop,
          ashenzari_altar_1, uniq_blork_the_orc
D:5:      overflow_temple_1_default, fedhas_altar_2
D:6:      fiery_altar_vehumet, uniq_eustachio

Skill      XL: |  1  2  3  4  5  6  7  8 |
---------------+-------------------------+-----
Hexes          | 1 2 3 |  3.0
Charms         | 4 5 6 |  6.2
Necromancy     | 1 2 3 |  3.0
Long Blades    | 4 |  4.6
Fighting       | |  2.0
Armour         | |  1.0
Dodging        | |  1.0
Spellcasting   | |  2.0

Action                   |  1- 3 |  4- 6 |  7- 9 || total
-------------------------+-------+-------+-------++-------
Melee: Falchion          |    87 |   149 |    67 ||   303
 Cast: Infusion          |    14 |     3 |       ||    17
       Spectral Weapon   |       |    10 |     5 ||    15
       Regeneration      |       |     7 |     6 ||    13
       Shroud of Golubri |       |     1 |     4 ||     5
  Use: Scroll            |       |     7 |     3 ||    10
       Potion            |       |       |     7 ||     7
 Stab: Distracted        |       |     1 |     3 ||     4
  Eat: Beef jerky        |     1 |       |       ||     1
       Chunk             |       |     2 |     1 ||     3
Armor: Leather armour    |    16 |    40 |    25 ||    81
Dodge: Dodged            |    44 |    73 |    27 ||   144
